General information
- name: BNet
- type: Ladder team game (AT/RT)
- host: Battle.net
- saver: StalemateButton
map: Cherryville
- players: 8
- length: 07:03
- speed: Fast
- version: 1.26 W3XP
- replay type: Public
» download(42 KB)
Players
team 1 (winner)

»
farmattaCK (
blue | 47 APM | 333 actions | 07:03)
1 Archmage
1 Summon Water Elemental
» actions
| Assign group hotkey | 10 | |
| Basic commands | 9 | |
| Build / train | 26 | |
| Enter build submenu | 19 | |
| Enter hero's abilities submenu | 1 | |
| Right click | 114 | |
| Select / deselect | 105 | |
| Select group hotkey | 29 | |
| Use ability | 20 | |
333 total
» units
» upgrades
» buildings
| Farm | 7 | |
| Barracks | 2 | |
| Altar of Kings | 1 | |
| Scout Tower | 4 | |
| Lumber Mill | 1 | |
| Guard Tower | 2 | |
| Keep | 1 | |
| Arcane Tower | 1 | |
| Blacksmith | 1 | |
20 total
» build order
00:22 Farm
00:26 Barracks
00:30 Altar of Kings
01:07 Farm
01:45 Scout Tower
01:55 Scout Tower
02:30 Lumber Mill
02:38 Farm
03:02 Guard Tower
03:40 Farm
04:15 Farm
04:22 Barracks
04:55 Farm
04:59 Scout Tower
05:28 Scout Tower
05:33 Keep
06:38 Arcane Tower
06:43 Blacksmith
06:45 Farm
06:48 Guard Tower
Warguy (
red | 53 APM | 375 actions | 07:03)
2 Demon Hunter
1 Immolation
1 Mana Burn
» actions
| Assign group hotkey | 4 | |
| Basic commands | 3 | |
| Build / train | 22 | |
| Enter build submenu | 9 | |
| Enter hero's abilities submenu | 2 | |
| Right click | 115 | |
| Select / deselect | 178 | |
| Select group hotkey | 29 | |
| Use ability | 13 | |
375 total
» units
» upgrades
| Strength of the Wild | 1 | |
| Reinforced Hides | 1 | |
2 total
» buildings
| Altar of Elders | 1 | |
| Moon Well | 4 | |
| Ancient of War | 2 | |
| Tree of Ages | 1 | |
| Hunter's Hall | 1 | |
| Ancient of Wind | 1 | |
| Tree of Eternity | 1 | |
11 total
» build order
00:04 Altar of Elders
00:08 Moon Well
00:58 Ancient of War
01:44 Ancient of War
02:07 Moon Well
03:05 Moon Well
03:29 Tree of Ages
04:05 Hunter's Hall
05:11 Moon Well
06:09 Ancient of Wind
06:11 Tree of Eternity
cuMMyGLobZ (
purple | 50 APM | 355 actions | 07:03)
2 Mountain King
1 Storm Bolt
1 Bash
» actions
| Build / train | 31 | |
| Enter build submenu | 11 | |
| Enter hero's abilities submenu | 2 | |
| Right click | 134 | |
| Select / deselect | 163 | |
| Use ability | 14 | |
355 total
» units
» upgrades
» buildings
| Altar of Kings | 1 | |
| Farm | 6 | |
| Blacksmith | 1 | |
| Barracks | 2 | |
10 total
» build order
00:10 Altar of Kings
00:12 Farm
00:46 Blacksmith
00:49 Farm
01:49 Barracks
02:10 Barracks
03:20 Farm
03:45 Farm
04:17 Farm
05:00 Farm
StalemateButton (
yellow | 58 APM | 408 actions | 07:03)
2 Blood Mage
1 Banish
1 Siphon Mana
» actions
| Assign group hotkey | 19 | |
| Basic commands | 9 | |
| Build / train | 23 | |
| Enter build submenu | 13 | |
| Enter hero's abilities submenu | 2 | |
| Right click | 120 | |
| Select / deselect | 123 | |
| Select group hotkey | 71 | |
| Use ability | 28 | |
408 total
» units
» upgrades
» buildings
| Altar of Kings | 1 | |
| Barracks | 3 | |
| Farm | 5 | |
| Lumber Mill | 1 | |
| Keep | 1 | |
| Arcane Vault | 1 | |
| Blacksmith | 1 | |
| Scout Tower | 1 | |
| Arcane Tower | 2 | |
16 total
» build order
00:06 Altar of Kings
00:08 Barracks
00:12 Farm
01:33 Farm
02:00 Farm
02:04 Lumber Mill
02:52 Farm
04:05 Barracks
04:08 Barracks
04:16 Keep
04:23 Arcane Vault
04:29 Farm
05:12 Blacksmith
05:17 Scout Tower
06:31 Arcane Tower
team 2 (loser)

»
DieGo.D (
pink | 75 APM | 507 actions | 06:46)
2 Tauren Chieftain
1 War Stomp
1 Endurance Aura
» actions
| Assign group hotkey | 24 | |
| Basic commands | 29 | |
| Build / train | 19 | |
| Enter build submenu | 10 | |
| Enter hero's abilities submenu | 2 | |
| Remove unit from queue | 2 | |
| Right click | 172 | |
| Select / deselect | 99 | |
| Select group hotkey | 132 | |
| Use ability | 18 | |
507 total
» units
| Peon | 6 | |
| Troll Headhunter/Berserker | 5 | |
| Crypt Fiend | 1 | |
12 total
» buildings
| Barracks | 1 | |
| War Mill | 1 | |
| Altar of Storms | 1 | |
| Orc Burrow | 4 | |
| Voodoo Lounge | 1 | |
| Stronghold | 1 | |
| Halls of the Dead | 1 | |
| Ziggurat | 1 | |
11 total
» build order
00:23 Barracks
00:26 War Mill
00:38 Altar of Storms
00:54 Orc Burrow
02:21 Orc Burrow
03:28 Voodoo Lounge
03:31 Stronghold
04:37 Orc Burrow
04:49 Halls of the Dead
05:32 Orc Burrow
05:39 Ziggurat
» items
wOOty (
green | 19 APM | 75 actions | 04:00)
1 Death Knight
1 Death Coil
» actions
| Build / train | 10 | |
| Enter build submenu | 8 | |
| Enter hero's abilities submenu | 1 | |
| Right click | 20 | |
| Select / deselect | 28 | |
| Use ability | 8 | |
75 total
» units
| Acolyte | 2 | |
| Ghoul | 2 | |
| Crypt Fiend | 3 | |
7 total
» buildings
| Altar of Darkness | 1 | |
| Ziggurat | 3 | |
| Crypt | 2 | |
| Graveyard | 1 | |
| Tomb of Relics | 1 | |
8 total
» build order
00:13 Altar of Darkness
00:20 Ziggurat
00:38 Crypt
01:14 Graveyard
01:23 Ziggurat
02:31 Tomb of Relics
03:31 Ziggurat
03:37 Crypt
» items
Learning. (
orange | 32 APM | 217 actions | 06:51)
2 Blademaster
1 Wind Walk
1 Critical Strike
» actions
| Build / train | 18 | |
| Enter build submenu | 16 | |
| Enter hero's abilities submenu | 2 | |
| Right click | 93 | |
| Select / deselect | 73 | |
| Use ability | 15 | |
217 total
» units
» buildings
| Altar of Storms | 1 | |
| Orc Burrow | 7 | |
| Barracks | 1 | |
| Voodoo Lounge | 1 | |
| Stronghold | 1 | |
11 total
» build order
00:08 Altar of Storms
00:09 Orc Burrow
00:26 Orc Burrow
01:22 Orc Burrow
01:43 Barracks
02:19 Orc Burrow
03:11 Voodoo Lounge
03:26 Orc Burrow
04:06 Stronghold
04:28 Orc Burrow
05:27 Orc Burrow
Luisinho. (
teal | 26 APM | 186 actions | 07:02)
2 Warden
1 Shadow Strike
1 Blink
» actions
| Build / train | 19 | |
| Enter build submenu | 9 | |
| Enter hero's abilities submenu | 2 | |
| Right click | 68 | |
| Select / deselect | 71 | |
| Use ability | 17 | |
186 total
» units
» buildings
| Altar of Elders | 1 | |
| Moon Well | 5 | |
| Ancient of War | 1 | |
| Tree of Ages | 1 | |
| Hunter's Hall | 1 | |
| Tree of Eternity | 1 | |
10 total
» build order
00:10 Altar of Elders
00:24 Moon Well
01:27 Moon Well
02:09 Ancient of War
02:24 Moon Well
03:11 Tree of Ages
03:19 Moon Well
03:32 Hunter's Hall
04:22 Moon Well
05:35 Tree of Eternity
Chat log
(00:18 / Allies) Warguy: rush or tech or cc or mass
(00:36 / Allies) farmattaCK: rush?
(00:37 / Allies) cuMMyGLobZ: prolly rush, we have 3 human
(00:40 / Allies) cuMMyGLobZ: rifles.
(00:43 / Allies) farmattaCK: foot
(00:44 / Allies) Warguy: k
(00:53 / Allies) Warguy: i go chimeras
(00:56 / Allies) cuMMyGLobZ: ...
(00:57 / Allies) cuMMyGLobZ: rush
(00:59 / Allies) cuMMyGLobZ: you moron
(01:08 / Allies) Warguy: ya still rushing
(02:14 / Allies) farmattaCK: lol
(02:16 / All) cuMMyGLobZ: llmao
(03:20 / Allies) Warguy: um we are suppose to mass
(03:39 / Allies) cuMMyGLobZ: nice feed yellow
(03:44 / Allies) StalemateButton: Thanks.
(03:54 / Allies) cuMMyGLobZ: what the fuck was the purpose of the farm too?
(03:57 / Allies) Warguy: are we ruhsing still
(04:00 / Allies) cuMMyGLobZ: yeh
(04:33 / Allies) cuMMyGLobZ: im ready.
(04:35 / Allies) farmattaCK: rush pink?
(04:47 / Allies) StalemateButton: sure
(05:24 / Allies) farmattaCK: going knights after
(05:28 / Allies) Warguy: get main
(05:30 / Allies) StalemateButton: gryphs
(05:37 / Allies) StalemateButton: aim for burrows really, they go down faster
(05:50 / Allies) cuMMyGLobZ: yeah
(05:51 / Allies) cuMMyGLobZ: burrows
(06:15 / Allies) cuMMyGLobZ: hero
(07:00 / All) Luisinho.: LOL